| TOP OF THE 1ST |
|
Louisville Stallions batting - Pitching for Tidewater Tides : RHP Bill Long
|
|
Pitching: RHP Bill Long
|
|
|
Batting: SHB Harry Chappas
|
0-0: Ball 1-0: Reached on error, E4 (Groundball, 4, EV 103.1 MPH)
|
|
Batting: SHB Gerald DeSimone
|
0-0: Ball 1-0: Foul Ball, location: 2F 1-1: Fly out, F8 (Flyball, 8LS, EV 90.6 MPH)
|
|
Batting: LHB Ted May
|
0-0: Ball Harry Chappas steals 2nd base (no throw) 1-0: Swinging Strike 1-1: Called Strike Harry Chappas steals 3rd base 1-2: SINGLE (Flyball, 8LS, EV 90.6 MPH) Harry Chappas scores
|
|
Batting: SHB Orestes Destrade
|
0-0: Ball 1-0: Ball 2-0: SINGLE (Groundball, 4D, EV 102.5 MPH) Ted May to second Runner from 2nd tries for 3rd, SAFE, no throw by RF
|
|
Batting: LHB Mauricio Gracia
|
0-0: Ball 1-0: Fly out, F8 (Flyball, 89D, EV 103.8 MPH) Runner from 3rd tags up, SCORES, throw by CF
|
|
Batting: LHB Lawrence Grahek
|
0-0: Ball 1-0: Fly out, F5 (Popup, 25, EV 88.8 MPH)
|
| Top of the 1st over - 2 runs, 2 hits, 1 error, 1 left on base; Louisville 2 - Tidewater 0 |
| BOTTOM OF THE 1ST |
|
Tidewater Tides batting - Pitching for Louisville Stallions : LHP Mark Thurmond
|
|
Pitching: LHP Mark Thurmond
|
|
|
Batting: RHB Anthony Lachowetz
|
0-0: Called Strike 0-1: Called Strike 0-2: Strikes out swinging
|
|
Batting: RHB German Rivera
|
0-0: SINGLE (Groundball, 4MD, EV 101.3 MPH)
|
|
Batting: RHB Brad Komminsk
|
0-0: Ball 1-0: Foul Ball, location: 2F 1-1: Called Strike 1-2: Foul Ball, location: 2F 1-2: Foul Ball, location: 2F 1-2: DOUBLE (Line Drive, 3D, EV 98.1 MPH) German Rivera to third Runner from 3rd tries for Home, SAFE, no throw by RF
|
|
Batting: LHB Dave Kable
|
0-0: Foul Ball, location: 2F 0-1: Ball 1-1: Foul Ball, location: 2F 1-2: Ball 2-2: Ground out 4-3 (Groundball, 4, EV 90.6 MPH) Brad Komminsk to third
|
|
Batting: RHB Mike Rex
|
0-0: Ball 1-0: Foul Ball, location: 2F 1-1: Ball 2-1: Ball 3-1: Swinging Strike 3-2: Strikes out looking
|
| Bottom of the 1st over - 1 run, 2 hits, 0 errors, 1 left on base; Louisville 2 - Tidewater 1 |
| TOP OF THE 2ND |
|
Louisville Stallions batting - Pitching for Tidewater Tides : RHP Bill Long
|
|
Batting: RHB Kelly Heath
|
0-0: Swinging Strike 0-1: Foul Ball, location: 2F 0-2: Ball 1-2: Fly out, F6 (Line Drive, 6, EV 65.0 MPH)
|
|
Batting: LHB Steven Mobberley
|
0-0: Called Strike 0-1: Called Strike 0-2: Ball 1-2: Fly out, F6 (Popup, 4MS, EV 70.6 MPH)
|
|
Batting: SHB Larry Doby
|
0-0: Swinging Strike 0-1: Ball 1-1: Foul Ball, location: 2F 1-2: SINGLE (Groundball, 4S, EV 76.3 MPH) (infield hit)
|
|
Batting: SHB Harry Chappas
|
0-0: Ball 1-0: Foul Ball, location: 2F 1-1: Ground out 4-3 (Groundball, 4, EV 86.3 MPH)
|
| Top of the 2nd over - 0 runs, 1 hit, 0 errors, 1 left on base; Louisville 2 - Tidewater 1 |
| BOTTOM OF THE 2ND |
|
Tidewater Tides batting - Pitching for Louisville Stallions : LHP Mark Thurmond
|
|
Batting: RHB George Gomez
|
0-0: Ball 1-0: Called Strike 1-1: Fly out, F7 (Flyball, 7S, EV 79.4 MPH)
|
|
Batting: RHB Thomas Walker
|
0-0: Called Strike 0-1: Ball 1-1: Called Strike 1-2: Ball 2-2: Fly out, F8 (Flyball, 8LD, EV 96.3 MPH)
|
|
Batting: SHB Julio Valdez
|
0-0: Called Strike 0-1: Ball 1-1: Swinging Strike 1-2: SINGLE (Groundball, 6MD, EV 99.4 MPH)
|
|
Batting: RHB Steve Liddle
|
0-0: Ball 1-0: Called Strike 1-1: Fly out, F8 (Flyball, 8RS, EV 90.0 MPH)
|
| Bottom of the 2nd over - 0 runs, 1 hit, 0 errors, 1 left on base; Louisville 2 - Tidewater 1 |
| TOP OF THE 3RD |
|
Louisville Stallions batting - Pitching for Tidewater Tides : RHP Bill Long
|
|
Batting: SHB Gerald DeSimone
|
0-0: Called Strike 0-1: Ball 1-1: Ball 2-1: Called Strike 2-2: Ball 3-2: Fly out, F3 (Popup, 3F, EV 76.9 MPH)
|
|
Batting: LHB Ted May
|
0-0: Ball 1-0: Ball 2-0: Foul Ball, location: 2F 2-1: Ball 3-1: Ground out 4-3 (Groundball, 34D, EV 99.4 MPH)
|
|
Batting: SHB Orestes Destrade
|
0-0: Ball 1-0: SINGLE (Groundball, 4MD, EV 98.1 MPH)
|
|
Batting: LHB Mauricio Gracia
|
0-0: Ball 1-0: SINGLE (Groundball, 34S, EV 67.5 MPH) (infield hit) Orestes Destrade to second
|
|
Batting: LHB Lawrence Grahek
|
0-0: Ball 1-0: Swinging Strike 1-1: Ball 2-1: Swinging Strike 2-2: Strikes out looking
|
| Top of the 3rd over - 0 runs, 2 hits, 0 errors, 2 left on base; Louisville 2 - Tidewater 1 |
| BOTTOM OF THE 3RD |
|
Tidewater Tides batting - Pitching for Louisville Stallions : LHP Mark Thurmond
|
|
Batting: RHB Anthony Lachowetz
|
0-0: Foul Ball, location: 2F 0-1: Foul Ball, location: 2F 0-2: Ground out 5-3 (Groundball, 56, EV 95.0 MPH)
|
|
Batting: RHB German Rivera
|
0-0: Called Strike 0-1: Swinging Strike 0-2: Ground out U3 (Groundball, 34, EV 91.3 MPH)
|
|
Batting: RHB Brad Komminsk
|
0-0: Called Strike 0-1: Ball 1-1: Fly out, F8 (Line Drive, 8RM, EV 92.5 MPH)
|
| Bottom of the 3rd over - 0 runs, 0 hits, 0 errors, 0 left on base; Louisville 2 - Tidewater 1 |
| TOP OF THE 4TH |
|
Louisville Stallions batting - Pitching for Tidewater Tides : RHP Bill Long
|
|
Batting: RHB Kelly Heath
|
0-0: Ball 1-0: Called Strike 1-1: Ground out 6-3 (Groundball, 6M, EV 90.0 MPH)
|
|
Batting: LHB Steven Mobberley
|
0-0: Ball 1-0: Ball 2-0: Foul Ball, location: 2F 2-1: Ball 3-1: SOLO HOME RUN (Flyball, 89XD, EV 92.5 MPH), Distance : 415 ft
|
|
Batting: SHB Larry Doby
|
0-0: Called Strike 0-1: Ball 1-1: Ball 2-1: Foul Ball, location: 2F 2-2: Strikes out swinging
|
|
Batting: SHB Harry Chappas
|
0-0: Fly out, F7 (Line Drive, 7, EV 90.6 MPH)
|
| Top of the 4th over - 1 run, 1 hit, 0 errors, 0 left on base; Louisville 3 - Tidewater 1 |
| BOTTOM OF THE 4TH |
|
Tidewater Tides batting - Pitching for Louisville Stallions : LHP Mark Thurmond
|
|
Batting: LHB Dave Kable
|
0-0: Called Strike 0-1: Ball 1-1: Fly out, F8 (Flyball, 8LXD, EV 108.8 MPH)
|
|
Batting: RHB Mike Rex
|
0-0: Called Strike 0-1: Swinging Strike 0-2: Ball 1-2: Ground out 5-3 (Groundball, 56, EV 78.1 MPH)
|
|
Batting: RHB George Gomez
|
0-0: Called Strike 0-1: Ball 1-1: Ball 2-1: Ball 3-1: Foul Ball, location: 2F 3-2: SOLO HOME RUN (Flyball, 78XD, EV 89.4 MPH), Distance : 405 ft
|
|
Batting: RHB Thomas Walker
|
0-0: Called Strike 0-1: Ground out 4-3 (Groundball, 34, EV 86.9 MPH)
|
| Bottom of the 4th over - 1 run, 1 hit, 0 errors, 0 left on base; Louisville 3 - Tidewater 2 |
| TOP OF THE 5TH |
|
Louisville Stallions batting - Pitching for Tidewater Tides : RHP Bill Long
|
|
Batting: SHB Gerald DeSimone
|
0-0: Ground out U3 (Groundball, 3, EV 112.5 MPH)
|
|
Batting: LHB Ted May
|
0-0: Ground out 4-3 (Groundball, 4, EV 110.6 MPH)
|
|
Batting: SHB Orestes Destrade
|
0-0: Ball 1-0: Fly out, F4 (Popup, 13, EV 73.1 MPH)
|
| Top of the 5th over - 0 runs, 0 hits, 0 errors, 0 left on base; Louisville 3 - Tidewater 2 |
| BOTTOM OF THE 5TH |
|
Tidewater Tides batting - Pitching for Louisville Stallions : LHP Mark Thurmond
|
|
Batting: SHB Julio Valdez
|
0-0: Called Strike 0-1: SOLO HOME RUN (Flyball, 7D, EV 94.4 MPH), Distance : 361 ft
|
|
Batting: RHB Steve Liddle
|
0-0: Ball 1-0: Swinging Strike 1-1: Swinging Strike 1-2: Ground out 6-3 (Groundball, 6S, EV 81.9 MPH)
|
|
Batting: RHB Anthony Lachowetz
|
0-0: Swinging Strike 0-1: Ground out 5-3 (Groundball, 15, EV 78.8 MPH)
|
|
Batting: RHB German Rivera
|
0-0: Ball 1-0: Swinging Strike 1-1: Foul Ball, location: 2F 1-2: Ball 2-2: Foul Ball, location: 2F 2-2: Ball 3-2: SINGLE (Flyball, 78S, EV 88.1 MPH)
|
|
Batting: RHB Brad Komminsk
|
0-0: Ball 1-0: Ball 2-0: Fly out, F9 (Flyball, 9S, EV 88.1 MPH)
|
| Bottom of the 5th over - 1 run, 2 hits, 0 errors, 1 left on base; Louisville 3 - Tidewater 3 |
| TOP OF THE 6TH |
|
Louisville Stallions batting - Pitching for Tidewater Tides : RHP Bill Long
|
|
Batting: LHB Mauricio Gracia
|
0-0: Ball 1-0: Fly out, F9 (Flyball, 9LM, EV 94.4 MPH)
|
|
Batting: LHB Lawrence Grahek
|
0-0: Ball 1-0: Called Strike 1-1: Ball 2-1: Fly out, F9 (Flyball, 89M, EV 93.1 MPH)
|
|
Pitching: LHP Austin Martinelli
|
|
|
Batting: RHB Kelly Heath
|
0-0: Ball 1-0: Called Strike 1-1: Ground out 1-3 (Groundball, 23, EV 68.8 MPH)
|
| Top of the 6th over - 0 runs, 0 hits, 0 errors, 0 left on base; Louisville 3 - Tidewater 3 |
| BOTTOM OF THE 6TH |
|
Tidewater Tides batting - Pitching for Louisville Stallions : LHP Mark Thurmond
|
|
Batting: LHB Dave Kable
|
0-0: Ground out 4-3 (Groundball, 4, EV 102.5 MPH)
|
|
Batting: RHB Mike Rex
|
0-0: Fly out, F3 (Line Drive, 4, EV 76.3 MPH)
|
|
Batting: RHB George Gomez
|
0-0: Foul Ball, location: 2F 0-1: Ball 1-1: Ball 2-1: Foul Ball, location: 2F 2-2: Ground out 5-3 (Groundball, 56S, EV 82.5 MPH)
|
| Bottom of the 6th over - 0 runs, 0 hits, 0 errors, 0 left on base; Louisville 3 - Tidewater 3 |
| TOP OF THE 7TH |
|
Louisville Stallions batting - Pitching for Tidewater Tides : LHP Austin Martinelli
|
|
Batting: LHB Steven Mobberley
|
0-0: Hit by Pitch
|
|
Batting: SHB Larry Doby
|
0-0: Called Strike 0-1: Swinging Strike 0-2: Foul Ball, location: 2F 0-2: Ball 1-2: Ball 2-2: Strikes out swinging
|
|
Batting: SHB Harry Chappas
|
0-0: Ball 1-0: Ball 2-0: Grounds into double play, 6-4-3 (Groundball, 6, EV 100.0 MPH)
|
| Top of the 7th over - 0 runs, 0 hits, 0 errors, 0 left on base; Louisville 3 - Tidewater 3 |
| BOTTOM OF THE 7TH |
|
Tidewater Tides batting - Pitching for Louisville Stallions : LHP Mark Thurmond
|
|
Batting: RHB Thomas Walker
|
0-0: Ball 1-0: Swinging Strike 1-1: Ground out 6-3 (Groundball, 6, EV 83.8 MPH)
|
|
Batting: SHB Julio Valdez
|
0-0: Ball 1-0: Ground out 5-3 (Groundball, 5, EV 85.0 MPH)
|
|
Batting: RHB Steve Liddle
|
0-0: Ground out 5-3 (Groundball, 56, EV 103.1 MPH)
|
| Bottom of the 7th over - 0 runs, 0 hits, 0 errors, 0 left on base; Louisville 3 - Tidewater 3 |
| TOP OF THE 8TH |
|
Louisville Stallions batting - Pitching for Tidewater Tides : LHP Austin Martinelli
|
|
Batting: SHB Gerald DeSimone
|
0-0: Fly out, F9 (Flyball, 89D, EV 86.3 MPH)
|
|
Batting: LHB Ted May
|
0-0: Called Strike 0-1: Ball 1-1: Fly out, F8 (Line Drive, 8LM, EV 88.1 MPH)
|
|
Batting: SHB Orestes Destrade
|
0-0: Foul Ball, location: 2F 0-1: Ball 1-1: Ball 2-1: Called Strike 2-2: Strikes out looking
|
| Top of the 8th over - 0 runs, 0 hits, 0 errors, 0 left on base; Louisville 3 - Tidewater 3 |
| BOTTOM OF THE 8TH |
|
Tidewater Tides batting - Pitching for Louisville Stallions : LHP Mark Thurmond
|
|
Pitching: RHP Jeff Taylor
|
|
|
Batting: RHB Anthony Lachowetz
|
0-0: Foul Ball, location: 2F 0-1: Foul Ball, location: 2F 0-2: Ball 1-2: Foul Ball, location: 2F 1-2: Ball 2-2: Ground out 6-3 (Groundball, 6, EV 86.3 MPH)
|
|
Batting: RHB German Rivera
|
0-0: Foul Ball, location: 2F 0-1: SINGLE (Groundball, 6MD, EV 96.9 MPH)
|
|
Batting: RHB Brad Komminsk
|
0-0: Ball 1-0: Foul Ball, location: 2F 1-1: Foul Ball, location: 2F 1-2: Ball 2-2: Fly out, F8 (Flyball, 89XD, EV 101.3 MPH)
|
|
Batting: LHB Dave Kable
|
0-0: Ball 1-0: Ball German Rivera steals 2nd base 2-0: Foul Ball, location: 2F 2-1: Foul Ball, location: 2F 2-2: Strikes out swinging
|
| Bottom of the 8th over - 0 runs, 1 hit, 0 errors, 1 left on base; Louisville 3 - Tidewater 3 |
| TOP OF THE 9TH |
|
Louisville Stallions batting - Pitching for Tidewater Tides : LHP Austin Martinelli
|
|
Pitching: RHP Salome Barojas
|
|
|
Batting: LHB Mauricio Gracia
|
0-0: Ball 1-0: SINGLE (Groundball, 56S, EV 71.9 MPH) (infield hit)
|
|
Batting: LHB Lawrence Grahek
|
0-0: Ball 1-0: Ball Passed Ball! Mauricio Gracia to second 2-0: Intentional Walk
|
|
Batting: RHB Kelly Heath
|
0-0: Called Strike Mauricio Gracia steals 3rd base (no throw) Lawrence Grahek to second 0-1: Foul Ball, location: 2F 0-2: SINGLE (Groundball, 56, EV 93.8 MPH) Mauricio Gracia scores Lawrence Grahek to third Runner from 3rd tries for Home, SAFE, throw by LF to home Kelly Heath to second
|
|
Batting: LHB Steven Mobberley
|
0-0: Intentional Walk
|
|
Batting: SHB Larry Doby
|
0-0: Foul Ball, location: 2F 0-1: Foul Ball, location: 2F 0-2: Ball 1-2: Strikes out looking
|
|
Batting: SHB Harry Chappas
|
0-0: Called Strike 0-1: Ball 1-1: Swinging Strike 1-2: Ball 2-2: Foul Ball, location: 2F 2-2: Ball 3-2: Fly out, F8 (Line Drive, 8RD, EV 97.5 MPH)
|
|
Batting: SHB Gerald DeSimone
|
0-0: Called Strike 0-1: Ball 1-1: Ball 2-1: Swinging Strike 2-2: Strikes out swinging
|
| Top of the 9th over - 2 runs, 2 hits, 0 errors, 2 left on base; Louisville 5 - Tidewater 3 |
| BOTTOM OF THE 9TH |
|
Tidewater Tides batting - Pitching for Louisville Stallions : RHP Jeff Taylor
|
|
Pitching: LHP Phil Nastu
|
|
|
Batting: RHB Mike Rex
|
0-0: Ball 1-0: Ball 2-0: Called Strike 2-1: Ball 3-1: Base on Balls
|
|
Batting: RHB George Gomez
|
0-0: Called Strike 0-1: Swinging Strike 0-2: Strikes out looking
|
|
Batting: RHB Thomas Walker
|
0-0: Called Strike 0-1: Ball 1-1: Foul Ball, location: 2F 1-2: Foul Ball, location: 2F 1-2: Strikes out swinging
|
|
Pinch Hitting: RHB Juan Garcia
|
0-0: Ball 1-0: SINGLE (Groundball, 56D, EV 93.8 MPH) Mike Rex to second
|
|
Batting: RHB Steve Liddle
|
0-0: Called Strike 0-1: Ball 1-1: Foul Ball, location: 2F 1-2: Ground out 5-3 (Groundball, 56, EV 102.5 MPH)
|
| Bottom of the 9th over - 0 runs, 1 hit, 0 errors, 2 left on base; Louisville 5 - Tidewater 3 |
|